 Dungeon Crawl Stone Soup version 0.32-a0-540-g866d13106e (webtiles) character file.

Game seed: 2286254801741598862

39 ezpacito the Trooper (level 3, 29/29 HPs)
             Began as a Demonspawn Chaos Knight on Feb 29, 2024.
             Was a Plaything of Xom.
             Quit the game on level 1 of the Dungeon.
             The game lasted 00:00:52 (753 turns).

ezpacito the Trooper (Demonspawn Chaos Knight)       Turns: 753, Time: 00:00:53

Health: 29/29      AC:  5    Str: 14    XL:     3   Next: 26%
Magic:  3/3        EV: 11    Int: 12    God:    Xom [....*.]
Gold:   50         SH:  0    Dex: 12    Spells: 2/2 levels left

rFire   . . .        a - +0 hand axe (chaos)
rCold   . . .        (no shield)
rNeg    . . .        b - +2 leather armour
rPois   .            (helmet restricted)
rElec   .            (no cloak)
rCorr   .            (no gloves)
SInv    .            (no boots)
Will    .....        (no amulet)
Stlth   +            (no ring)
HPRegen 0.24/turn    (no ring)
MPRegen 0.08/turn

%: no passive effects
@: no status effects
A: antennae 1
a: Renounce Religion


You were on level 1 of the Dungeon.
You worshipped Xom.
You were a beloved toy of Xom.
You visited 1 branch of the dungeon, and saw 1 of its levels.

You collected 50 gold pieces.

Inventory:

Hand Weapons
 a - a +0 hand axe of chaos (weapon)
Armour
 b - a +2 leather armour (worn)
Magical Staves
 d - a staff of conjuration
Scrolls
 c - a scroll of butterflies
 e - 2 scrolls of summoning {unknown}
 g - a scroll of identify {unknown}
Potions
 f - a potion of haste {unknown}


   Skills:
 * Level 3.2 Fighting
 * Level 2.9(3.0) Axes
 + Level 0.4(1.8) Polearms
 * Level 2.0 Armour
 * Level 1.6 Dodging
 + Level 0.4 Stealth
 * Level 0.6 Unarmed Combat
 * Level 0.1 Spellcasting


You had 2 spell levels left.
You didn't know any spells.
Your spell library contained the following spells:

 Spells                   Type           Power      Damage    Failure   Level
 Brom's Barrelling Bould  Conj/Erth      0%         2d3       99%         4
 Fireball                 Conj/Fire      0%         3d3       100%        5
 Iskenderun's Battlesphe  Conj           0%         2d6       100%        5
 Conjure Ball Lightning   Conj/Air       0%         3x3d6     100%        6
 Orb of Destruction       Conj           0%         9d5       100%        7


Dungeon Overview and Level Annotations

Branches:
Dungeon (1/15)

Altars:


Innate Abilities, Weirdness & Mutations

You have a pair of small antennae on your head.


Message History

Things that are here:
a jackal skeleton; a jackal skeleton You open the door.
There is an open door here.
A ball python comes into view.
The ball python hisses angrily.
A ball python is nearby!
Found a scroll labelled JYTUEHI VAHIA.
You hit the ball python.
The ball python is moderately wounded.
The ball python bites you but does no damage.
The ball python closely misses you.
You barely miss the ball python.
The ball python is moderately wounded.
The ball python bites you but does no damage.
You hit the ball python.
You kill the ball python! "This place needs a little more atmosphere."
No target in view!
No target in view!
No target in view!
No target in view!
No target in view!
No target in view!
g - a scroll labelled JYTUEHI VAHIA
There is an open door here.
Partly explored, can't reach some places.
No target in view!
Partly explored, can't reach some places.
You start waiting.
You are now a beloved toy of Xom.
You enter the shallow water.
Moving in this stuff is going to be slow.
Your trail of clouds dissipates.
Done exploring.
Okay, then.
Search for what [? for help]?
Okay, then.
Okay, then.
Are you sure you want to abandon this character and quit the game? (Confirm with "yes".)

..##### #.#
#.#######.########
#.#..............#
#.#..............#
#.#..............#
..#..............#
.##..............#
.##.......รท......#
................@#
.##..............#
.##..............#
.................#
.................#
.................#
[##..............#
........##########
........#


There were no monsters in sight!

Vanquished Creatures
  A dart slug (D:1)
  2 bats (D:1)
  3 endoplasms (D:1)
  A giant cockroach (D:1)
  2 goblins (D:1)
  7 hobgoblins (D:1)
  3 jackals (D:1)
  A kobold (D:1)
  A quokka (D:1)
  5 ball pythons (D:1)
  2 frilled lizards (D:1)
  5 rats (D:1)
33 creatures vanquished.

Notes
Turn   | Place    | Note
-------+----------+-------------------------------------------
     0 | D:1      | ezpacito the Demonspawn Chaos Knight began the quest for
                  | the Orb.
     0 | D:1      | Reached XP level 1. HP: 18/18 MP: 1/1
    40 | D:1      | XOM: silly message
    50 | D:1      | Reached skill level 1 in Dodging
   111 | D:1      | Gained mutation: You have a pair of small antennae on your
                  | head. [demonic ancestry]
   111 | D:1      | Reached XP level 2. HP: 20/24 MP: 2/2
   302 | D:1      | Reached XP level 3. HP: 29/29 MP: 3/3
   332 | D:1      | XOM: silly message
   626 | D:1      | XOM: cloud trail
   753 | D:1      | Quit the game

Illustrated notes

Levels and vault maps discovered:
D:1:      spicycebolla_green_bress_n_ham_2, layout_basic

Skill      XL: |  1  2 |
---------------+-------+-----
Dodging        | 1 |  1.6
Armour         | 2 |  2.0
Fighting       | |  3.2
Axes           | |  2.9
Polearms       | |  0.4
Stealth        | |  0.4
Unarmed Combat | |  0.6
Spellcasting   | |  0.1

Action                     || total
---------------------------++-------
  Melee: Hand axe          ||    77
 Armour: Leather armour    ||    58
  Dodge: Dodged            ||    41

Table legend: (Time is in decaauts)
 A = Elapsed time spent in this place.
 B = Non-inter-level travel time spent in this place.
 C = Inter-level travel time spent in this place.
 D = Time resting spent in this place.
 E = Time spent auto-exploring this place.
 F = Levels seen in this place.
 G = Mean time per level.
                   A        B        C        D        E       F      G
               +--------+--------+--------+--------+--------+-----+--------+
         Total |    765 |    765 |      0 |     79 |    508 |   1 |  765.0 |
       Dungeon |    765 |    765 |      0 |     79 |    508 |   1 |  765.0 |
               +--------+--------+--------+--------+--------+-----+--------+

Top non-repeatable levels by time:
     D:1: 765 daAuts
